AoeStats
← lum3n

Arabia

506409780Analyzed
1v1 RM · 19d ago on Sep 13, 2026· 54m 37s· 2 players
Game mode
Random Map
Map size
Tiny (2 player)
Population
200
Speed
Normal
Resources
Standard
Victory
Conquest
Starting age
Dark Age
Ending age
Imperial Age
RankedLock teamsTeams togetherTeam positionsShared explorationLock speedFull tech treeHidden civsTurbo modeCheats
Victory
Defeat
🇪🇨 Persians · Ecuador
1202
+16
🇺🇸 Magyars · United States
1208
-16
carlobanchon
5:33 Loom
6:06 Loom
9:00 Feudal Age
10:41 Double-Bit Axe
11:46 Horse Collar
16:51 Gold Mining
19:39 Castle Age
18:33 Fletching
19:26 Padded Archer Armor
20:36 Scale Barding Armor
20:52 Bow Saw
22:00 Leather Archer Armor
21:58 Bodkin Arrow
21:30 Elite Skirmisher
23:24 Town Watch
26:32 Ballistics
26:57 Heavy Plow
32:19 Wheelbarrow
36:28 Imperial Age
38:01 Chain Barding Armor
37:49 Thumb Ring
37:22 Heavy Camel Rider
39:14 Bloodlines
40:12 Ring Archer Armor
40:24 Plate Barding Armor
40:34 Cavalier
42:07 Hand Cart
42:03 Thumb Ring
42:45 Town Patrol
43:57 Forging
45:27 Two-Man Saw
45:50 Iron Casting
45:16 Husbandry
46:16 Gold Shaft Mining
45:32 Stone Mining
46:55 Chemistry
46:06 Savar
51:04 Blast Furnace
50:04 Scale Mail Armor
50:15 Herbal Medicine
51:00 Masonry
53:21 Kamandaran
53:41 Conscription
53:55 Chain Mail Armor
53:33 Crossbowman
lum3n
6:48 Loom
9:27 Feudal Age
14:05 Double-Bit Axe
15:02 Fletching
16:55 Padded Archer Armor
21:53 Castle Age
20:06 Padded Archer Armor
21:07 Gold Mining
22:05 Crossbowman
22:54 Thumb Ring
22:52 Bodkin Arrow
27:01 Leather Archer Armor
28:38 Husbandry
28:49 Bloodlines
34:44 Scale Barding Armor
35:55 Wheelbarrow
35:37 Bow Saw
35:51 Horse Collar
38:25 Chain Barding Armor
42:43 Imperial Age
41:12 Stone Mining
42:12 Ballistics
42:53 Heavy Cavalry Archer
43:59 Parthian Tactics
43:55 Cavalier
45:10 Heavy Plow
45:36 Conscription
45:41 Bracer
47:51 Chemistry
50:26 Ring Archer Armor
50:32 Plate Barding Armor
50:02 Pikeman
50:50 Recurve Bow
51:34 Elite Magyar Huszar
Connection lost

Rejoining the realm…

Still unreachable

The connection could not be restored.

Session expired

The server has moved on; the page needs a fresh start.